 Dungeon Crawl Stone Soup version 0.23.2-40-g277498a001 (webtiles) character file.

Game seed: 4314212118153073626

19016 dives the Carver (level 12, 0/104 HPs)
             Began as a Minotaur Fighter on Sept 20, 2019.
             Was a Priest of Yredelemnul.
             Slain by Rupert
             ... wielding a +1 great mace of protection
              (19 damage)
             ... on level 3 of the Lair of Beasts.
             The game lasted 01:00:48 (13026 turns).

dives the Carver (Minotaur Fighter)                Turns: 13026, Time: 01:00:49

Health: 0/104      AC: 19    Str: 28    XL:     12   Next: 32%
Magic:  11/11      EV: 16    Int:  5    God:    Yredelemnul [***...]
Gold:   488        SH: 13    Dex: 16    Spells: 11/11 levels left

rFire    . . .     SeeInvis .   P - +4 scimitar (flame)
rCold    . . .     Gourm    .   I - +0 shield
rNeg     . . .     Faith    .   L - +0 plate armour
rPois    .         Spirit   .   (helmet restricted)
rElec    .         Reflect  .   y - +0 cloak
rCorr    .         Harm     .   (no gloves)
MR       .....                  (no boots)
Stlth    ..........             (no amulet)
HPRegen  0.27/turn              n - +3 ring of strength
MPRegen  0.12/turn              U - +3 ring of protection

@: agile, mesmerised
A: retaliatory headbutt, horns 2
a: Recall Undead Slaves, Injury Mirror, Animate Dead, Renounce Religion


You were on level 3 of the Lair of Beasts.
You worshipped Yredelemnul.
Yredelemnul was most pleased with you.
You were hungry.

You visited 2 branches of the dungeon, and saw 13 of its levels.

You collected 674 gold pieces.
You spent 186 gold pieces at shops.

Inventory:

Hand Weapons
 a - a +0 long sword
 i - a +1 dagger of draining
 u - a +0 falchion of slicing
 x - a +4 quarterstaff of chaos
 F - a +1 broad axe of electrocution
 H - a +2 whip of freezing
 P - a +4 scimitar of flaming (weapon)
 X - a +4 flail
Armour
 y - a +0 cloak (worn)
 I - a +0 shield (worn)
 L - a +0 plate armour (worn)
Jewellery
 n - a +3 ring of strength (left hand)
 r - an uncursed ring of flight
 A - an uncursed ring of magical power
 D - an uncursed ring of protection from fire
 E - an uncursed ring of positive energy
 U - a +3 ring of protection (right hand)
 V - an uncursed amulet of magic regeneration
Wands
 C - a wand of acid (7)
 K - a wand of iceblast (6)
 T - a wand of digging (2)
 W - a wand of paralysis (7)
Scrolls
 e - 3 scrolls of magic mapping
 h - 3 scrolls of enchant armour {unknown}
 j - 3 scrolls of identify
 k - 6 scrolls of remove curse
 l - 3 scrolls of amnesia {unknown}
 q - a scroll of blinking {unknown}
 t - 7 scrolls of teleportation
 w - a scroll of fog {unknown}
 z - a scroll of enchant weapon {unknown}
 J - 2 scrolls of immolation {unknown}
 R - a scroll of acquirement {unknown}
 S - a scroll of fear {unknown}
 Z - a scroll of summoning {unknown}
Potions
 b - a potion of cancellation {unknown}
 d - a potion of might
 g - 2 potions of brilliance {unknown}
 m - 3 potions of flight {unknown}
 s - 2 potions of berserk rage {unknown}
 v - 2 potions of magic {unknown}
 B - 4 potions of lignification {unknown}
 G - 2 potions of haste {unknown}
 M - a potion of agility
 O - 3 potions of invisibility {unknown}
 Q - 2 potions of resistance {unknown}
Miscellaneous
 N - a phantom mirror
 Y - a phial of floods
Comestibles
 f - 16 rations


   Skills:
 + Level 9.0 Fighting
 + Level 4.5(8.9) Short Blades
 * Level 12.6(12.9) Long Blades
 - Level 9.0 Axes
 + Level 10.5 Armour
 + Level 6.1 Dodging
 + Level 1.1 Stealth
 + Level 11.5 Shields
 + Level 0.1 Invocations


You had 11 spell levels left.
You didn't know any spells.
Your spell library contained the following spells:

 Spells                   Type           Power        Failure   Level  Hunger
 Animate Skeleton         Necr           N/A          100%        1    ##.....
 Corona                   Hex            #......      100%        1    ##.....
 Freeze                   Ice            #...         100%        1    ##.....
 Infusion                 Chrm           #...         100%        1    ##.....
 Pain                     Necr           #...         100%        1    ##.....
 Summon Small Mammal      Summ           #...         100%        1    ##.....
 Call Imp                 Summ           #.......     100%        2    ###....
 Ensorcelled Hibernation  Hex/Ice        #.....       100%        2    ###....
 Shroud of Golubria       Chrm/Tloc      #.........   100%        2    ###....
 Song of Slaying          Chrm           #.......     100%        2    ###....
 Throw Frost              Conj/Ice       #.....       100%        2    ###....
 Call Canine Familiar     Summ           #.......     100%        3    ####...
 Confuse                  Hex            #.......     100%        3    ####...
 Dazzling Spray           Conj/Hex       #.....       100%        3    ####...
 Ozocubu's Armour         Chrm/Ice       #.......     100%        3    ####...
 Regeneration             Chrm/Necr      #.........   100%        3    ####...
 Spectral Weapon          Hex/Chrm       #.......     100%        3    ####...
 Summon Guardian Golem    Hex/Summ       #.......     100%        3    ####...
 Tukima's Dance           Hex            #.......     100%        3    ####...
 Vampiric Draining        Necr           #.........   100%        3    ####...
 Animate Dead             Necr           N/A          100%        4    #####..
 Summon Ice Beast         Ice/Summ       #.......     100%        4    #####..
 Summon Lightning Spire   Summ/Air       #.......     100%        4    #####..
 Throw Icicle             Conj/Ice       #.......     100%        4    #####..


Dungeon Overview and Level Annotations

Branches:
Dungeon (10/15)            Temple (0/1) D:4            Lair (3/6) D:10
  Swamp: Lair:2-4    Shoals: Lair:2-4     Snake: Lair:2-4    Spider: Lair:2-4
    Orc: D:9-12

Altars:
Ashenzari
Gozag
Qazlal
Xom
Yredelemnul

Shops:
D:8 %   D:9 (

Annotations:
Lair:3 Rupert


Innate Abilities, Weirdness & Mutations

You reflexively headbutt those who attack you in melee.
You have a pair of horns on your head.


Message History

* * * LOW HITPOINT WARNING * * *
Wield which item (- for none, * to show all)? (? for menu, Esc to quit)
Okay, then.
You feel agile all of a sudden.
Rupert hits you with a +1 great mace of protection!!
* * * LOW HITPOINT WARNING * * *
You hear an angry hiss.
You feel better. Rupert barely misses you. Rupert closely misses you.
The merfolk siren chants a haunting song.
You are mesmerised by the merfolk siren!
Rupert completely misses you.
You cannot move away from the merfolk siren!
You cannot move away from the merfolk siren!
You cannot move away from the merfolk siren!
You slash Rupert! You burn Rupert.
Rupert is moderately wounded.
The merfolk siren chants its luring song.
Rupert hits you with a +1 great mace of protection!!
You die...
Your body rises from the dead as a mindless zombie. .....m...........(........## .....(.H..................## .......###.m..P.#....###...# .....<. ###..###....##....# ....... #.[P####..P#...## # ........^ #..## #...##..# ##......... ##H.# ##.......# PP.........

###.@H## #....##..#
............#.#P@.P###....#...#
....# .....................#
#...## .......................
....# ##.................#...##
##..# #...####..........###..#
#...# #.... #............# ..#
....## #..###...........## .#
#....####....#...........#
##..#.#.#..................


You could see Rupert (berserk), 2 hippogriffs and a merfolk siren.

Vanquished Creatures
  Harold (Lair:2)
  A catoblepas (Lair:2)
  Erica (D:9)
  2 two-headed ogres
  Pikel (D:7)
  An elephant (Lair:2)
  A black mamba (Lair:2)
  5 spiny frogs
  A rime drake (Lair:1)
  2 komodo dragons
  A queen bee (D:10)
  The ghost of mys the Magician, a novice DEFE (D:4)
  9 blink frogs
  2 hippogriffs
  A basilisk (D:10)
  A yak (D:10)
  A hungry ghost (D:8)
  7 water moccasins
  4 porcupines
  An orc warrior (D:6)
  3 slaves
  3 phantoms
  2 sky beasts
  An ogre (D:9)
  A necrophage (D:10)
  34 wolves
  2 centaurs
  9 crocodiles
  5 big kobolds
  6 bullfrogs
  A wyvern skeleton (D:10)
  8 scorpions
  A water moccasin skeleton (D:5)
  23 killer bees
  3 howler monkeys (D:8)
  3 centaur zombies
  3 crimson imps
  A bullfrog zombie (D:4)
  A centaur skeleton (D:6)
  Crazy Yiuf (D:4)
  5 orc priests
  4 hounds
  7 iguanas
  10 orc wizards
  10 worker ants
  A hound skeleton (D:4)
  Robin (D:2)
  A howler monkey skeleton (D:6)
  A worker ant zombie (D:6)
  3 gnolls (D:4)
  9 adders
  4 shadow imps
  An ooze (D:7)
  A worm (D:2)
  2 dart slugs
  4 leopard geckos
  32 orcs
  5 giant cockroaches
  17 goblins
  14 hobgoblins
  7 jackals
  3 quokkas
  6 bats
  9 frilled lizards
  34 kobolds
  2 leopard gecko skeletons
  A quokka skeleton (D:3)
  12 rats
  15 plants (D:10)
376 creatures vanquished.

Vanquished Creatures (collateral kills)
  A blink frog (Lair:2)
1 creature vanquished.

Vanquished Creatures (others)
  3 fungi
  A plant (D:10)
4 creatures vanquished.

Grand Total: 381 creatures vanquished

Notes
Turn   | Place    | Note
-------+----------+-------------------------------------------
     0 | D:1      | dives the Minotaur Fighter began the quest for the Orb.
     0 | D:1      | Reached XP level 1. HP: 19/19 MP: 0/0
   379 | D:1      | Reached XP level 2. HP: 23/27 MP: 1/1
   532 | D:1      | Reached skill level 3 in Long Blades
   869 | D:2      | Reached XP level 3. HP: 30/33 MP: 2/2
  1218 | D:2      | Noticed Robin
  1244 | D:2      | Killed Robin
  1244 | D:2      | Reached XP level 4. HP: 40/40 MP: 3/3
  1665 | D:3      | Reached skill level 1 in Dodging
  1818 | D:3      | Reached skill level 4 in Long Blades
  1920 | D:3      | Reached XP level 5. HP: 38/46 MP: 4/4
  2239 | D:4      | Reached skill level 5 in Shields
  2287 | D:4      | Found a staircase to the Ecumenical Temple.
  2310 | D:5      | Entered Level 5 of the Dungeon
  2346 | D:5      | Reached skill level 1 in Short Blades
  2346 | D:5      | Reached XP level 6. HP: 19/53 MP: 5/5
  2585 | D:4      | Found a runed translucent door.
  2586 | D:4      | Noticed mys's ghost (novice DEFE)
  2692 | D:4      | Killed mys's ghost
  2692 | D:4      | Reached skill level 5 in Armour
  2692 | D:4      | Reached XP level 7. HP: 7/60 MP: 6/6
  3037 | D:4      | Reached skill level 5 in Fighting
  3141 | D:4      | Found a runed translucent door.
  3142 | D:4      | Noticed Crazy Yiuf
  3258 | D:4      | Killed Crazy Yiuf
  4013 | D:5      | Reached skill level 1 in Stealth
  4013 | D:5      | Reached XP level 8. HP: 44/68 MP: 7/7
  5085 | D:5      | Found a stormy altar of Qazlal.
  5326 | D:6      | Found a shimmering altar of Xom.
  5786 | D:7      | Reached skill level 1 in Axes
  6025 | D:7      | Reached XP level 9. HP: 67/75 MP: 8/8
  6485 | D:8      | Noticed Pikel
  6507 | D:7      | Killed Pikel
  6507 | D:7      | Reached skill level 5 in Axes
  6507 | D:7      | Reached skill level 5 in Dodging
  7401 | D:8      | Noticed a two-headed ogre
  7421 | D:8      | Killed a two-headed ogre
  7421 | D:8      | Reached XP level 10. HP: 69/86 MP: 9/9
  7462 | D:8      | Found Suarchy's Food Shoppe.
  7820 | D:9      | Found Anit's Antique Weapon Shop.
  7823 | D:9      | Bought a glowing mace for 186 gold pieces
  8076 | D:9      | Noticed Erica
  8087 | D:9      | Killed Erica
  8536 | D:10     | Entered Level 10 of the Dungeon
  8541 | D:10     | Found a basalt altar of Yredelemnul.
  8550 | D:10     | Became a worshipper of Yredelemnul the Dark
  8611 | D:10     | Found a shattered altar of Ashenzari.
  8632 | D:10     | Reached skill level 5 in Long Blades
  8690 | D:10     | Reached skill level 6 in Long Blades
  8732 | D:10     | Reached skill level 7 in Long Blades
  8987 | D:10     | Noticed a two-headed ogre
  9001 | D:10     | Killed a two-headed ogre
  9001 | D:10     | Reached skill level 8 in Long Blades
  9018 | D:10     | Reached * piety under Yredelemnul
  9041 | D:10     | Found an opulent altar of Gozag.
  9086 | D:10     | Reached XP level 11. HP: 73/94 MP: 10/10
  9138 | D:10     | Found a staircase to the Lair.
  9575 | Lair:1   | Entered Level 1 of the Lair of Beasts
  9854 | Lair:1   | Reached skill level 9 in Long Blades
 10057 | Lair:1   | Reached ** piety under Yredelemnul
 10179 | Lair:1   | Reached skill level 10 in Shields
 10195 | Lair:2   | HP: 2/94 [crocodile (11)]
 10437 | Lair:1   | Reached skill level 10 in Long Blades
 11248 | Lair:2   | Reached skill level 10 in Armour
 11736 | Lair:2   | Noticed Harold
 11749 | Lair:2   | Reached skill level 11 in Long Blades
 11771 | Lair:2   | Killed Harold
 11783 | Lair:2   | Reached *** piety under Yredelemnul
 11786 | Lair:2   | Received a gift from Yredelemnul (a mummy)
 11793 | Lair:2   | Reached XP level 12. HP: 36/103 MP: 11/11
 12255 | Lair:2   | Noticed a catoblepas
 12270 | Lair:2   | Killed a catoblepas
 12281 | Lair:2   | Reached skill level 12 in Long Blades
 13005 | Lair:3   | Noticed Rupert
 13026 | Lair:3   | Slain by Rupert

Skill      XL: |  1  2  3  4  5  6  7  8  9 10 11 12 |
---------------+-------------------------------------+-----
Long Blades    | 3 4 8 11 12 | 12.6
Fighting       | 4 5 6 7 8 9 |  9.0
Shields        | 4 5 7 8 9 11 | 11.5
Armour         | 4 5 6 7 8 9 10 | 10.5
Dodging        | 1 2 3 4 5 6 |  6.1
Short Blades   | 1 2 3 4 |  4.5
Stealth        | 1 |  1.1
Axes           | 2 7 9 |  9.0
Invocations    | |  0.1

Action                   |  1- 3 |  4- 6 |  7- 9 | 10-12 || total
-------------------------+-------+-------+-------+-------++-------
Melee: Long sword        |   118 |    77 |       |       ||   195
       Headbutt          |    20 |    32 |    69 |   133 ||   254
       Dagger            |       |    85 |   186 |       ||   271
       Broad axe         |       |       |   153 |    25 ||   178
       Scimitar          |       |       |       |   544 ||   544
Invok: Recall Undead Sla |       |       |       |     1 ||     1
  Use: Potion            |     4 |       |     3 |     7 ||    14
       Scroll            |       |       |     2 |     7 ||     9
  Eat: Chunk             |     1 |     1 |     2 |     2 ||     6
       Ration            |       |     1 |     4 |     5 ||    10
Armor: Scale mail        |    54 |    62 |   107 |     3 ||   226
       Plate armour      |       |       |       |   260 ||   260
Dodge: Dodged            |    36 |    48 |   140 |   201 ||   425
Block: Shield            |    72 |    58 |   216 |   386 ||   732
       Rpst.: Long sword |     7 |     9 |       |       ||    16
       Scimitar          |       |       |       |    56 ||    56
